 Dungeon Crawl Stone Soup version 0.17.0-55-g1383181 (console) character file.

320 Kloppie the Firebug (level 6, 0/45 HPs)
             Began as a Draconian Fire Elementalist on Dec 4, 2015.
             Slain by a killer bee (6 damage)
             ... on level 3 of the Dungeon.
             The game lasted 00:05:34 (3170 turns).

Kloppie the Firebug (Draconian Fire Elementalist)   Turns: 3170, Time: 00:05:34

Health: 0/45       AC:  9    Str: 10      XL:     6   Next: 22%
Magic:  6/9        EV: 12    Int: 17      God:
Gold:   147        SH:  0    Dex: 10 (12) Spells: 3 memorised, 1 level left

rFire  . . .     SeeInvis .     c - +0 short sword
rCold  . . .     Clarity  .     (armour unavailable)
rNeg   . . .     SustAt   .     (no shield)
rPois  .         Gourm    .     (helmet restricted)
rElec  .         Spirit   .     m - +2 cloak
rCorr  .         Warding  .     (no gloves)
rMut   .         Stasis   .     (no boots)
MR     .....                    (no amulet)
Stlth  ++........               (no ring)
                                (no ring)

@: lethally poisoned (0 -> -9), not resistant to hostile enchantments,
unstealthy
A: unfitting armour, cold-blooded, AC +6
a: no special abilities


You were on level 3 of the Dungeon.
You were very hungry.

You visited 1 branch of the dungeon, and saw 3 of its levels.

You collected 147 gold pieces.

Inventory:

Hand Weapons
 c - a +0 short sword (weapon)
Armour
 m - a +2 cloak (worn)
Wands
 s - a wand of cold (5)
Scrolls
 d - a scroll of random uselessness {unknown}
 e - 4 scrolls of remove curse {unknown}
 k - a scroll of enchant weapon {unknown}
 o - a scroll of noise {unknown}
 q - 3 scrolls of identify {unknown}
Potions
 f - a potion of heal wounds {unknown}
 g - 2 potions of degeneration
 i - a potion of curing {unknown}
 j - a potion of might {unknown}
 n - a potion of poison {unknown}
 p - a potion of ambrosia {unknown}
 t - a potion of magic {unknown}
Books
 a - a book of Flames

   Spells                             Type                      Level
   a - Flame Tongue                   Conjuration/Fire             1
   b - Throw Flame                    Conjuration/Fire             2
   c - Conjure Flame                  Conjuration/Fire             3
   d - Inner Flame                    Hexes/Fire                   3
   e - Sticky Flame                   Conjuration/Fire             4
   f - Fireball                       Conjuration/Fire             5
Comestibles
 b - 2 bread rations
 h - a beef jerky
 l - a royal jelly
 r - a slice of pizza


   Skills:
 - Level 1.7 Dodging
 - Level 1.7 Stealth
 - Level 2.0 Spellcasting
 + Level 4.3 Conjurations
 + Level 5.5 Fire Magic


You had one spell level left.
You knew the following spells:

 Your Spells              Type           Power        Failure   Level  Hunger
a - Flame Tongue          Conj/Fire      ###..        2%          1    #......
b - Conjure Flame         Conj/Fire      ###.....     10%         3    ###....
c - Sticky Flame          Conj/Fire      ###.....     30%         4    #####..


Dungeon Overview and Level Annotations

Branches:
Dungeon (3/15)

Altars:
Gozag
Nemelex Xobeh
Qazlal
Trog
Yredelemnul


Innate Abilities, Weirdness & Mutations

Your plain brown scales are hard (AC +6).
Your body does not fit into most forms of armour.
You are cold-blooded and may be slowed by cold attacks.


Message History

You feel sick. The killer bee barely misses you. The killer bee misses you.
You feel sick. The killer bee stings you.
* * * LOW HITPOINT WARNING * * *
You are more poisoned.
The killer bee poisons you! The killer bee stings you.
* * * LOW HITPOINT WARNING * * *
You feel sick. The killer bee barely misses you.
The killer bee barely misses you.
You feel sick. The killer bee stings you!
* * * LOW HITPOINT WARNING * * *
* * * LOW HITPOINT WARNING * * *
You feel sick.
The killer bee stings you but does no damage.
Drink which item? (? for menu, Esc to quit)
It was a potion of degeneration.
There was something very wrong with that liquid.
You feel clumsy.
* * * LOW HITPOINT WARNING * * *
You feel sick. The killer bee stings you.
You die...

# #.# #..#.# #.......... # #.#
#).#.# #.######### #########.#
#..#.# #.######### .......##.#
#..#.# #.........#
###....##.###..#.######.#.####..#
###.##.#...##..#........#.# #..#
....##..#)#.#..########.#.# #...
###(..........y########.#.# #.##
#.##(.......yy@.........# #.#
#.##.#####.##########.######.#
###.##..###.## #........#
....##.#...## ##########
######.##### .......# ########


You could see 3 killer bees.

Vanquished Creatures
  The ghost of Musteatbrain the Shooter, an amateur HEHu (D:3)
  A killer bee (D:3)
  Ijyb (D:2)
  Jessica (D:3)
  Natasha (D:3)
  3 adders
  2 worms (D:2)
  2 giant geckos
  A ball python (D:1)
  4 goblins
  6 hobgoblins
  3 jackals (D:2)
  A quokka (D:3)
  4 bats
  4 giant cockroaches
  3 giant newts
  9 kobolds
  4 rats
51 creatures vanquished.

Notes
Turn   | Place    | Note
--------------------------------------------------------------
     0 | D:1      | Kloppie the Draconian Fire Elementalist began the quest for the Orb.
     0 | D:1      | Reached XP level 1. HP: 14/14 MP: 3/3
   528 | D:1      | Reached XP level 2. HP: 11/20 MP: 5/5
  1341 | D:2      | Reached XP level 3. HP: 24/26 MP: 6/6
  1364 | D:2      | Learned a level 3 spell: Conjure Flame
  1492 | D:2      | Found a bloodstained altar of Trog.
  1495 | D:2      | Found a stormy altar of Qazlal.
  1497 | D:2      | Found a basalt altar of Yredelemnul.
  1622 | D:2      | Reached skill level 4 in Fire Magic
  1963 | D:2      | Found an opulent altar of Gozag.
  1963 | D:2      | Found a sparkling altar of Nemelex Xobeh.
  1988 | D:2      | Noticed Ijyb
  2010 | D:2      | Killed Ijyb
  2010 | D:2      | Reached XP level 4. HP: 26/33 MP: 0/7
  2362 | D:3      | Noticed Natasha
  2367 | D:3      | Killed Natasha
  2483 | D:3      | Noticed Jessica
  2490 | D:3      | Killed Jessica
  2490 | D:3      | Reached XP level 5. HP: 32/38 MP: 5/8
  2522 | D:3      | Noticed Musteatbrain's ghost (amateur HEHu)
  2570 | D:3      | Killed Musteatbrain's ghost
  2570 | D:3      | Reached skill level 5 in Fire Magic
  2570 | D:3      | Reached XP level 6. HP: 13/45 MP: 1/9
  2848 | D:3      | Learned a level 4 spell: Sticky Flame
  3170 | D:3      | Slain by a killer bee

Action                   |  1- 3 |  4- 6 || total
-------------------------+-------+-------++-------
Melee: Short sword       |   132 |    23 ||   155
       Unarmed           |     5 |       ||     5
 Cast: Flame Tongue      |    19 |    26 ||    45
       Conjure Flame     |       |     1 ||     1
  Use: Potion            |       |     1 ||     1
 Stab: Sleeping          |     1 |     2 ||     3
  Eat: Chunk             |     4 |     3 ||     7
